AoeStats
← Shell

Arena

509988785Analyzed
4v4 RM · 2d ago on Sep 28, 2026· 42m 59s· 8 players
Game mode
Random Map
Map size
Large (8 player)
Population
200
Speed
Normal
Resources
Standard
Victory
Conquest
Starting age
Dark Age
Ending age
Imperial Age
RankedLock teamsTeams togetherTeam positionsShared explorationLock speedFull tech treeHidden civsTurbo modeCheats
Victory
Defeat
🇺🇸 Poles · United States
1501
+11
🇳🇿 Britons · New Zealand
1475
+12
🇲🇽 Varangians · Mexico
1400
+15
🇺🇸 Magyars · United States
1272
+21
🇪🇸 Sicilians · Spain
1546
-20
🇧🇷 Teutons · Brazil
1486
-19
🇺🇸 Portuguese · United States
1257
-10
🇫🇷 Gurjaras · France
1256
-10
emmanueldltq08
10:10 Feudal Age
15:28 Castle Age
13:39 Horse Collar
14:46 Bloodlines
15:02 Double-Bit Axe
17:29 Loom
20:09 Fervor
22:52 Scale Barding Armor
24:10 Chain Barding Armor
25:38 Forging
26:36 Husbandry
28:02 Wheelbarrow
27:13 Town Watch
28:29 Iron Casting
27:25 Light Cavalry
30:10 Hand Cart
34:23 Imperial Age
31:55 Treadmill Crane
33:04 Bow Saw
32:41 Vendel Legacy
33:44 Heavy Plow
35:25 Hussar
38:03 Blast Furnace
36:59 Cavalier
38:59 Conscription
39:28 Plate Barding Armor
38:44 Fletching
38:16 Cavalier
42:09 Stone Mining
42:09 Gold Mining
MenaChuuni
10:11 Feudal Age
14:32 Castle Age
12:55 Horse Collar
13:05 Double-Bit Axe
13:31 Horse Collar
17:53 Bow Saw
22:11 Wheelbarrow
21:57 Heavy Plow
23:48 Stone Mining
23:50 Gold Mining
27:42 Imperial Age
25:59 Hand Cart
25:33 Loom
25:51 Scale Mail Armor
26:38 Forging
27:17 Chain Mail Armor
28:46 Iron Casting
28:18 Squires
29:57 Plate Mail Armor
31:05 Blast Furnace
29:53 Elite Obuch
31:41 Crop Rotation
31:49 Conscription
31:52 Arson
33:10 Stone Shaft Mining
33:28 Scale Barding Armor
34:01 Coinage
34:50 Chain Barding Armor
34:53 Town Watch
35:55 Bloodlines
35:45 Husbandry
36:13 Lechitic Legacy
36:12 Treadmill Crane
36:43 Masonry
37:09 Siege Engineers
38:05 Chemistry
36:29 Light Cavalry
37:59 Winged Hussar
42:14 Banking
41:55 Town Patrol
Sun Tzu
11:37 Feudal Age
13:07 Loom
15:35 Castle Age
13:45 Double-Bit Axe
14:57 Loom
15:07 Horse Collar
17:46 Fletching
21:00 Scale Barding Armor
23:13 Bloodlines
23:04 Husbandry
24:20 Chain Barding Armor
29:51 Heavy Plow
30:45 Wheelbarrow
31:17 Town Watch
32:08 Bow Saw
33:15 Hand Cart
37:09 Imperial Age
35:11 Bodkin Arrow
35:16 Padded Archer Armor
35:56 Elite Skirmisher
36:42 Thumb Ring
37:42 Leather Archer Armor
38:43 Bracer
39:13 Ring Archer Armor
39:05 Ballistics
39:46 Chemistry
40:55 Two-Man Saw
41:12 Conscription
42:13 Plate Barding Armor
42:33 Town Patrol
Not Ben
10:31 Feudal Age
14:31 Castle Age
14:23 Double-Bit Axe
14:20 Horse Collar
16:37 Wheelbarrow
16:56 Bow Saw
18:14 Loom
19:21 Gold Mining
20:42 Stone Mining
21:20 Fervor
23:25 Heavy Plow
24:48 Hand Cart
25:22 Sanctity
25:51 Gold Shaft Mining
29:33 Imperial Age
27:50 Padded Archer Armor
28:01 Forging
27:51 Scale Mail Armor
27:43 Fletching
30:00 Ballistics
29:56 Leather Archer Armor
30:16 Iron Casting
30:45 Chain Mail Armor
30:30 Bodkin Arrow
30:00 Pikeman
31:57 Chemistry
31:44 Iron Casting
30:53 Halberdier
34:15 Bracer
34:45 Ring Archer Armor
34:51 Iron Casting
34:31 Chain Mail Armor
34:11 Elite Longbowman
35:27 Yeomen
35:28 Conscription
35:51 Chain Mail Armor
36:36 Arson
36:51 Squires
37:24 Siege Engineers
38:56 Blast Furnace
43:59 Plate Mail Armor
Shell
10:46 Feudal Age
14:44 Castle Age
13:35 Horse Collar
13:43 Double-Bit Axe
18:00 Gold Mining
18:17 Loom
22:20 Wheelbarrow
27:04 Imperial Age
26:45 Fortified Wall
31:32 Chemistry
30:27 Fletching
41:13 Bombard Tower
Wolf Knight
10:23 Feudal Age
14:35 Castle Age
13:02 Horse Collar
14:01 Double-Bit Axe
16:35 Bow Saw
17:07 Heavy Plow
24:54 Wheelbarrow
29:09 Imperial Age
27:24 Scale Mail Armor
27:34 Forging
27:23 Gold Mining
28:43 First Crusade
28:41 Squires
28:01 Pikeman
29:02 Hand Cart
28:33 Loom
30:05 Chain Mail Armor
30:26 Iron Casting
29:13 Capped Ram
29:52 Halberdier
31:23 Conscription
31:12 Cranequins
33:19 Plate Mail Armor
32:39 Fletching
34:01 Ballistics
34:41 Chemistry
34:47 Gold Shaft Mining
34:01 Town Watch
34:23 Bodkin Arrow
34:23 Heavy Mounted Crossbowman
35:16 Bracer
35:21 Padded Archer Armor
36:43 Leather Archer Armor
38:32 Elite Skirmisher
39:38 Siege Ram
42:34 Gambesons
42:09 Man-at-Arms
Sahraoui
4:38 Loom
11:07 Feudal Age
15:19 Castle Age
13:40 Double-Bit Axe
14:02 Horse Collar
17:08 Wheelbarrow
21:37 Bow Saw
21:35 Heavy Plow
26:03 Fletching
26:15 Padded Archer Armor
30:38 Imperial Age
28:17 Thumb Ring
28:10 Bodkin Arrow
29:57 Leather Archer Armor
30:07 Ballistics
31:56 Elite Elephant Archer
34:56 Chemistry
33:59 Bracer
34:51 Siege Elephant
Tylenol
11:02 Feudal Age
14:43 Castle Age
12:43 Horse Collar
13:23 Double-Bit Axe
20:31 Heavy Plow
22:23 Bow Saw
24:17 Wheelbarrow
24:31 Gold Mining
28:14 Imperial Age
26:40 Hand Cart
27:41 Stone Mining
28:39 Forging
29:09 Scale Barding Armor
30:22 Two-Man Saw
29:53 Crop Rotation
30:09 Chain Barding Armor
29:29 Cavalier
31:17 Plate Barding Armor
31:40 Iron Casting
31:54 Bloodlines
31:40 Town Watch
32:21 Paladin
34:58 Chemistry
33:52 Heavy Scorpion
34:27 Loom
34:50 Town Patrol
37:49 Ballistics
38:35 Blast Furnace
39:58 Conscription
41:17 Masonry
41:21 Fletching
41:19 Arrowslits
42:36 Bodkin Arrow
43:07 Squires
42:52 Arson
Connection lost

Rejoining the realm…

Still unreachable

The connection could not be restored.

Session expired

The server has moved on; the page needs a fresh start.